[Event "ICC tourney 2354 (60 10)"]
[Site "Internet Chess Club"]
[Date "2021.01.30"]
[Round "1"]
[White "Platafina123"]
[Black "JudeNYC"]
[Result "0-1"]
[ICCResult "White resigns"]
[WhiteElo "1172"]
[BlackElo "1622"]
[Opening "Caro-Kann: two knights variation"]
[ECO "B10"]
[NIC "CK.01"]
[Time "10:12:00"]
[PlyCount "110"]
[TimeControl "3600+10"]

1. e4 c6 2. Nf3 d5 3. Nc3 dxe4 4. Nxe4 Nf6 5. Ng3 h5 6. d4 Bg4 7. Ne2 Bxf3
8. gxf3 Nbd7 9. c4 e6 10. a3 a5 11. Rg1 e5 12. Be3 g6 13. Bh3 Bh6 14. Bg5
Bxg5 15. Rxg5 Ng4 16. Qd2 Nxh2 17. Bg2 exd4 18. Nxd4 Qe7+ 19. Qe3 h4 20.
Qxe7+ Kxe7 21. Ke2 Rhg8 22. Nb3 b6 23. Rh1 f6 24. Rxa5 bxa5 25. Rxh2 Rgb8
26. Nd4 Rxb2+ 27. Ke3 Rb6 28. Rxh4 Kd6 29. Rh6 Ne5 30. Ke4 Re8 31. Kf4 Rg8
32. Bf1 Nf7 33. Rh7 Rb7 34. Kg3 Re7 35. Bd3 Ne5 36. Rxe7 Kxe7 37. Be2 Rd8
38. Nb3 Ra8 39. f4 Nd7 40. Nd4 Kd6 41. Bf3 Rc8 42. Nb3 Ra8 43. a4 Nc5 44.
Nxc5 Kxc5 45. Kg4 Rc8 46. f5 gxf5+ 47. Kxf5 Kxc4 48. Kxf6 Rf8+ 49. Ke6 Rxf3
50. Kd6 Rxf2 51. Kxc6 Ra2 52. Kb6 Rxa4 53. Kc6 Rb4 54. Kd6 a4 55. Ke6 a3 {
White resigns } 0-1

[Event "ICC tourney 2354 (60 10)"]
[Site "Internet Chess Club"]
[Date "2021.01.30"]
[Round "1"]
[White "Heliosis"]
[Black "MYMChessWyatt"]
[Result "1-0"]
[ICCResult "Black checkmated"]
[WhiteElo "1913"]
[BlackElo "1289"]
[Opening "Sicilian: Canal-Sokolsky attack, 3...Bd7"]
[ECO "B52"]
[NIC "SI.01"]
[Time "10:11:37"]
[PlyCount "109"]
[TimeControl "3600+10"]

1. e4 c5 2. Nf3 d6 3. Bb5+ Bd7 4. Bxd7+ Nxd7 5. O-O Ngf6 6. d3 e6 7. Qe2
Rc8 8. Ng5 Be7 9. f4 O-O 10. Nd2 Qc7 11. g4 e5 12. f5 d5 13. Nh3 dxe4 14.
dxe4 h6 15. Qg2 Nh7 16. Nf3 f6 17. Nf2 c4 18. h4 Qd8 19. Nh3 Nc5 20. g5
fxg5 21. hxg5 hxg5 22. Nfxg5 Nxg5 23. Bxg5 Bxg5 24. Nxg5 Qb6 25. Kh2 Qh6+
26. Nh3 Rfd8 27. Rad1 Nxe4 28. Qxe4 Rd2+ 29. Rxd2 Qxd2+ 30. Rf2 Qd6 31. f6
Rf8 32. Qxc4+ Kh7 33. Qe4+ Kg8 34. Ng5 Rxf6 35. Qh7+ Kf8 36. Qh8+ Ke7 37.
Qxg7+ Ke8 38. Qxf6 Qxf6 39. Rxf6 Ke7 40. Re6+ Kd7 41. Rxe5 Kd6 42. Nf3 a6
43. Kg2 b5 44. Kf2 b4 45. Ke3 a5 46. Rxa5 Kc6 47. Nd4+ Kb6 48. Rb5+ Ka6 49.
Rxb4 Ka7 50. c4 Ka8 51. c5 Ka7 52. c6 Ka8 53. c7 Ka7 54. Nc6+ Ka6 55. c8=Q#
{ Black checkmated } 1-0

[Event "ICC tourney 2354 (60 10)"]
[Site "Internet Chess Club"]
[Date "2021.01.30"]
[Round "1"]
[White "MeeraBLab"]
[Black "ILoveChess11"]
[Result "0-1"]
[ICCResult "White resigns"]
[WhiteElo "1177"]
[BlackElo "1670"]
[Opening "Sicilian: closed"]
[ECO "B24"]
[NIC "SI.44"]
[Time "10:11:54"]
[PlyCount "66"]
[TimeControl "3600+10"]

1. e4 c5 2. Nc3 Nc6 3. g3 g6 4. Bg2 Bg7 5. Nge2 e6 6. d3 Nge7 7. O-O O-O 8.
f4 d6 9. g4 f5 10. g5 a6 11. a4 Rb8 12. Ng3 e5 13. Nce2 Be6 14. h4 Nd4 15.
Nxd4 cxd4 16. h5 Qc7 17. Kf2 exf4 18. Bxf4 fxe4 19. Kg1 Nd5 20. Ne2 e3 21.
hxg6 hxg6 22. Qe1 Qxc2 23. Bxd6 Rxf1+ 24. Qxf1 Rd8 25. Ba3 Qxd3 26. Rd1 Qc4
27. Nxd4 Qxf1+ 28. Bxf1 Bg4 29. Ne2 Bf3 30. Nf4 Bxd1 31. Nxd5 Rxd5 32. Bc4
Bf3 33. Bxd5+ Bxd5 { White resigns } 0-1

[Event "ICC tourney 2354 (60 10)"]
[Site "Internet Chess Club"]
[Date "2021.01.30"]
[Round "2"]
[White "Fenton2011"]
[Black "ArisL"]
[Result "1-0"]
[ICCResult "Black checkmated"]
[WhiteElo "1177"]
[BlackElo "787"]
[Opening "Scandinavian defense"]
[ECO "B01"]
[NIC "SD.03"]
[Time "13:06:15"]
[PlyCount "55"]
[TimeControl "3600+10"]

1. e4 d5 2. exd5 Nf6 3. Nf3 Nxd5 4. d4 Nc6 5. Bc4 Be6 6. O-O Qd6 7. Bg5
O-O-O 8. Bxd5 Bxd5 9. Nc3 Bc4 10. Re1 h6 11. Bh4 g5 12. Bg3 Qf6 13. a4 e6
14. Rb1 Be7 15. Ne4 Qg6 16. Nc5 Bxc5 17. b4 Be7 18. b5 Nb8 19. Ne5 Qf6 20.
Nxc4 h5 21. Be5 Qf5 22. Bxh8 Rxh8 23. Qf3 Qg6 24. Ne5 Qg7 25. b6 axb6 26.
a5 bxa5 27. Qxb7+ Kd8 28. Qxb8# { Black checkmated } 1-0

[Event "ICC tourney 2354 (60 10)"]
[Site "Internet Chess Club"]
[Date "2021.01.30"]
[Round "2"]
[White "Abbyliao0216"]
[Black "Platafina123"]
[Result "0-1"]
[ICCResult "White checkmated"]
[WhiteElo "768"]
[BlackElo "1172"]
[Opening "Four knights: symmetrical variation"]
[ECO "C49"]
[NIC "KP.03"]
[Time "13:06:04"]
[PlyCount "126"]
[TimeControl "3600+10"]

1. e4 e5 2. Nf3 Nc6 3. Nc3 Nf6 4. Bb5 Bb4 5. O-O O-O 6. d3 d6 7. h3 Be6 8.
Bg5 Bxc3 9. bxc3 Re8 10. d4 a6 11. d5 axb5 12. dxe6 fxe6 13. Nd2 Rf8 14. c4
bxc4 15. Nxc4 Ne7 16. Rb1 b6 17. Re1 Ng6 18. Ne3 Nf4 19. Ng4 Qe8 20. Nxf6+
gxf6 21. Bh6 Qg6 22. Bxf4 exf4 23. Qf3 e5 24. c4 Rf7 25. Rb5 Rg7 26. Reb1
Kh8 27. c5 Rag8 28. g4 fxg3 29. fxg3 Qxg3+ 30. Qxg3 Rxg3+ 31. Kf1 Rg1+ 32.
Ke2 R8g2+ 33. Kd3 Rxb1 34. Rxb1 dxc5 35. Kc4 Rd2 36. Ra1 Rd4+ 37. Kb5 Rxe4
38. a4 Rb4+ 39. Kc6 c4 40. Kxc7 c3 41. a5 bxa5 42. Rxa5 c2 43. Ra8+ Kg7 44.
Ra7 c1=Q+ 45. Kd8+ Kg6 46. Re7 Rb8+ 47. Kd7 Qc8+ 48. Kd6 Rb6+ 49. Kd5 Qd8+
50. Kc5 Qxe7+ 51. Kxb6 Qd7 52. Kc5 h5 53. Kc4 Qd6 54. h4 e4 55. Kc3 Qd5 56.
Kb4 Qc6 57. Kb3 Qc5 58. Ka4 Qb6 59. Ka3 Kf5 60. Ka4 Ke5 61. Ka3 Kd4 62. Ka4
Kc3 63. Ka3 Qb3# { White checkmated } 0-1

[Event "ICC tourney 2354 (60 10)"]
[Site "Internet Chess Club"]
[Date "2021.01.30"]
[Round "2"]
[White "Ken121"]
[Black "DarrenReiss"]
[Result "0-1"]
[ICCResult "White resigns"]
[WhiteElo "1145"]
[BlackElo "1537"]
[Opening "Sicilian"]
[ECO "B50"]
[NIC "SI.01"]
[Time "13:07:34"]
[PlyCount "76"]
[TimeControl "3600+10"]

1. e4 c5 2. Nf3 d6 3. Nc3 Nf6 4. Bc4 e6 5. d3 Be7 6. O-O Nc6 7. Bg5 O-O 8.
a3 a6 9. h3 b5 10. Bb3 Bb7 11. a4 b4 12. Na2 Na5 13. Nc1 Nxb3 14. Nxb3 d5
15. Nfd2 dxe4 16. Nxe4 Nxe4 17. Bxe7 Qxe7 18. dxe4 Bxe4 19. Qe2 Bb7 20.
Rad1 Qc7 21. Qh5 Rac8 22. Rd3 c4 23. Rd4 cxb3 24. Rh4 h6 25. cxb3 Qc6 26.
Rg4 Kh8 27. Re1 Qd5 28. Re5 Qd1+ 29. Kh2 Rc1 30. Reg5 Qg1+ 31. Kg3 Qxg2+
32. Kh4 Qxf2+ 33. Rg3 Qd4+ 34. R3g4 Qf6 35. Kg3 Rg1+ 36. Kh4 Rxg4+ 37. hxg4
Qf2+ 38. Kh3 Qg2+ { White resigns } 0-1

[Event "ICC tourney 2354 (60 10)"]
[Site "Internet Chess Club"]
[Date "2021.01.30"]
[Round "2"]
[White "ToughTurtle"]
[Black "Nedas15"]
[Result "1-0"]
[ICCResult "Black checkmated"]
[WhiteElo "1467"]
[BlackElo "376"]
[Opening "Four knights: Ranken variation"]
[ECO "C48"]
[NIC "KP.03"]
[Time "13:06:07"]
[PlyCount "71"]
[TimeControl "3600+10"]

1. e4 e5 2. Nf3 Nc6 3. Nc3 Nf6 4. Bb5 a6 5. Bxc6 dxc6 6. Nxe5 Bd6 7. Nf3
Ng4 8. h3 Ne5 9. d4 Nxf3+ 10. Qxf3 Be7 11. O-O O-O 12. Be3 f5 13. e5 f4 14.
Bd2 b5 15. Ne2 c5 16. Qxa8 f3 17. gxf3 Bxh3 18. Qxd8 Rxd8 19. Rfd1 cxd4 20.
Bf4 g5 21. Bg3 g4 22. f4 d3 23. Rxd3 Rf8 24. Kh2 Rf5 25. Ng1 Rh5 26. Nxh3
Rxh3+ 27. Kg2 Kg7 28. Rh1 Rxh1 29. Kxh1 Kg6 30. Rd7 Bf8 31. e6 Kf6 32. f5
h5 33. Bh4+ Ke5 34. e7 Kf4 35. e8=Q Kf3 36. Qe3# { Black checkmated } 1-0

[Event "ICC tourney 2354 (60 10)"]
[Site "Internet Chess Club"]
[Date "2021.01.30"]
[Round "2"]
[White "BSILawrence"]
[Black "AlexaL"]
[Result "1-0"]
[ICCResult "Black checkmated"]
[WhiteElo "1167"]
[BlackElo "723"]
[Opening "Scandinavian (center counter) defense"]
[ECO "B01"]
[NIC "VO.17"]
[Time "13:12:26"]
[PlyCount "87"]
[TimeControl "3600+10"]

1. e4 d5 2. exd5 e6 3. dxe6 Bxe6 4. Qf3 Nc6 5. Bb5 Bd6 6. Bxc6+ bxc6 7.
Qxc6+ Bd7 8. Qc3 Nf6 9. d3 O-O 10. Bg5 Re8+ 11. Ne2 h6 12. Bxf6 Qxf6 13.
Qxf6 gxf6 14. Nc3 Bb4 15. O-O-O Bxc3 16. Nxc3 Rab8 17. Nd5 f5 18. Nf6+ Kh8
19. Nxe8 Rxe8 20. Rde1 Rxe1+ 21. Rxe1 Bc6 22. Re7 Bxg2 23. Rxf7 h5 24. Rxf5
h4 25. Rh5+ Kg8 26. Rg5+ Kh8 27. Rxg2 h3 28. Rg3 a5 29. Rxh3+ Kg8 30. Rh5
Kg7 31. Rxa5 Kf7 32. Ra7 Kf6 33. Rxc7 Kf5 34. Rc3 Kf4 35. Kd2 Kf3 36. b4
Kxf2 37. a4 Kf3 38. a5 Kf4 39. a6 Ke5 40. a7 Kd6 41. a8=Q Ke7 42. Qa6 Ke8
43. Rc7 Kd8 44. Qc8# { Black checkmated } 1-0

[Event "ICC tourney 2354 (60 10)"]
[Site "Internet Chess Club"]
[Date "2021.01.30"]
[Round "2"]
[White "powerfulchess"]
[Black "mricaud"]
[Result "1-0"]
[ICCResult "Black checkmated"]
[WhiteElo "928"]
[BlackElo "1291"]
[Opening "Queen's bishop game"]
[ECO "D02"]
[NIC "QP.08"]
[Time "13:06:27"]
[PlyCount "29"]
[TimeControl "3600+10"]

1. d4 d5 2. Nf3 Nf6 3. Bf4 c5 4. e3 Bf5 5. g3 Nc6 6. Bg2 e6 7. O-O Be7 8.
Nc3 O-O 9. dxc5 Bd6 10. cxd6 h6 11. Be5 Nh7 12. Nb5 a6 13. Nbd4 Na7 14.
Nxf5 g6 15. Nxh6# { Black checkmated } 1-0

[Event "ICC tourney 2354 (60 10)"]
[Site "Internet Chess Club"]
[Date "2021.01.30"]
[Round "2"]
[White "KatyLiao"]
[Black "deviyer"]
[Result "0-1"]
[ICCResult "White checkmated"]
[WhiteElo "861"]
[BlackElo "1194"]
[Opening "Sicilian: Hungarian variation"]
[ECO "B27"]
[NIC "SI.43"]
[Time "13:06:04"]
[PlyCount "84"]
[TimeControl "3600+10"]

1. e4 c5 2. Nf3 g6 3. Nc3 Bg7 4. Bc4 Nc6 5. O-O d6 6. h3 Nf6 7. d3 O-O 8.
Re1 Bd7 9. Bg5 h6 10. Bd2 Qc7 11. Nd5 Nxd5 12. Bxd5 Bxb2 13. Rb1 Bg7 14.
Qc1 Kh7 15. Kf1 Qc8 16. Ng1 f5 17. exf5 Rxf5 18. Be4 Rf7 19. Bd5 e6 20. Bf3
Nd4 21. Be2 Qf8 22. Nf3 Nxf3 23. Bxf3 Bc6 24. Bxc6 Rxf2+ 25. Kg1 bxc6 26.
Rf1 Bd4 27. Be3 Rxf1+ 28. Qxf1 Bxe3+ 29. Kh2 Qxf1 30. Rxf1 Kg7 31. Re1 Bd4
32. Rxe6 Be5+ 33. g3 Rf8 34. Re7+ Rf7 35. Re6 Rf2+ 36. Kg1 Bxg3 37. Re7+
Kf6 38. Rxa7 Rxc2 39. Kf1 Kf5 40. Ra6 Kf4 41. Rxc6 Kf3 42. Kg1 Rc1# { White
checkmated } 0-1

[Event "ICC tourney 2354 (60 10)"]
[Site "Internet Chess Club"]
[Date "2021.01.30"]
[Round "2"]
[White "VickyV2011"]
[Black "CBH142"]
[Result "1-0"]
[ICCResult "Black checkmated"]
[WhiteElo "1056"]
[BlackElo "1413"]
[Opening "Queen's pawn: English defense"]
[ECO "A40"]
[NIC "QO.17"]
[Time "13:06:41"]
[PlyCount "47"]
[TimeControl "3600+10"]

1. d4 b6 2. Nf3 Bb7 3. Bf4 Nf6 4. e3 e6 5. c3 d5 6. Bd3 Bd6 7. Bg3 c5 8.
Nbd2 Nc6 9. Qe2 Qe7 10. e4 Bxg3 11. hxg3 O-O-O 12. e5 Nd7 13. Rxh7 Rxh7 14.
Bxh7 Rh8 15. Bd3 Rh1+ 16. Nf1 Rh8 17. O-O-O f6 18. exf6 gxf6 19. Bf5 exf5
20. Qxe7 Nxe7 21. Re1 Nc6 22. Ne3 Rh5 23. Nxd5 Na5 24. Re8# { Black
checkmated } 1-0

[Event "ICC tourney 2354 (60 10)"]
[Site "Internet Chess Club"]
[Date "2021.01.30"]
[Round "2"]
[White "chessamongus"]
[Black "SAHYmilana"]
[Result "1-0"]
[ICCResult "Black checkmated"]
[WhiteElo "1705"]
[BlackElo "1372"]
[Opening "Scotch gambit: Dubois-Réti defense"]
[ECO "C55"]
[NIC "KP.02"]
[Time "13:06:18"]
[PlyCount "45"]
[TimeControl "3600+10"]

1. e4 e5 2. Nf3 Nc6 3. d4 exd4 4. Bc4 Nf6 5. e5 Ne4 6. c3 dxc3 7. Qd5 Qe7
8. Qxe4 d6 9. Nxc3 dxe5 10. O-O Qf6 11. Bg5 Qd6 12. Nb5 Qd7 13. Nxe5 Nxe5
14. Qxe5+ Be7 15. Bxe7 Qxe7 16. Nxc7+ Kd8 17. Qxe7+ Kxe7 18. Nxa8 Rd8 19.
Nc7 Kf8 20. Rad1 Re8 21. Nxe8 Kxe8 22. Rfe1+ Kf8 23. Rd8# { Black
checkmated } 1-0

[Event "ICC tourney 2354 (60 10)"]
[Site "Internet Chess Club"]
[Date "2021.01.30"]
[Round "2"]
[White "pirate6400"]
[Black "maxipep88"]
[Result "0-1"]
[ICCResult "White resigns"]
[WhiteElo "1089"]
[BlackElo "1553"]
[Opening "Sicilian: Alapin's variation (2.c3)"]
[ECO "B22"]
[NIC "SI.46"]
[Time "13:06:04"]
[PlyCount "108"]
[TimeControl "3600+10"]

1. e4 c5 2. c3 Nf6 3. e5 Nd5 4. d4 c4 5. Bxc4 Nb6 6. Qb3 Nxc4 7. Qxc4 e6 8.
Nf3 d6 9. exd6 Bxd6 10. O-O Bd7 11. Nbd2 O-O 12. Ne4 Bc7 13. Bg5 Qc8 14.
Be7 Bxh2+ 15. Kxh2 Qxc4 16. Bxf8 Kxf8 17. Ne5 Qc7 18. Nc5 f6 19. Kg1 fxe5
20. Rfe1 Nc6 21. Rad1 b6 22. Ne4 exd4 23. cxd4 Rd8 24. Ng5 h6 25. Nf3 Bc8
26. a3 Ne7 27. d5 exd5 28. Nd4 Nc6 29. Nb5 Qf4 30. Rd3 Ne5 31. Rde3 Re8 32.
Nd6 Rd8 33. Nxc8 Rxc8 34. Rxe5 Rc1 35. Re8+ Kf7 36. Re7+ Kg6 37. Re6+ Kh7
38. g3 Rxe1+ 39. Rxe1 Qd2 40. Re7 a6 41. Rd7 d4 42. Kg2 Qxb2 43. Kf3 Qxa3+
44. Ke4 Qb2 45. Rxd4 Qxf2 46. Ke5 Qxg3+ 47. Ke6 Qe3+ 48. Kd5 b5 49. Rg4
Qf3+ 50. Re4 b4 51. Ke5 b3 52. Rf4 Qg3 53. Kf5 b2 54. Rg4 b1=Q+ { White
resigns } 0-1

[Event "ICC tourney 2354 (60 10)"]
[Site "Internet Chess Club"]
[Date "2021.01.30"]
[Round "2"]
[White "JacobBolk"]
[Black "GlibNest"]
[Result "0-1"]
[ICCResult "White resigns"]
[WhiteElo "1057"]
[BlackElo "1498"]
[Opening "QP counter-gambit (elephant gambit)"]
[ECO "C40"]
[NIC "KP.10"]
[Time "13:06:00"]
[PlyCount "46"]
[TimeControl "3600+10"]

1. e4 e5 2. Nf3 d5 3. exd5 e4 4. Ng1 Nf6 5. Nc3 Nxd5 6. Nxe4 Bf5 7. d3 Be7
8. Bd2 O-O 9. Qf3 Qd7 10. O-O-O Bg4 11. Qg3 Bxd1 12. Kxd1 Nf6 13. Bh6 Qg4+
14. Qxg4 Nxg4 15. Bf4 Na6 16. Nf3 f5 17. Nc3 Nxf2+ 18. Ke1 Nxh1 19. Be2
Rad8 20. Kf1 Bc5 21. Ng5 Rfe8 22. Bh5 g6 23. Bf3 Bf2 { White resigns } 0-1

[Event "ICC tourney 2354 (60 10)"]
[Site "Internet Chess Club"]
[Date "2021.01.30"]
[Round "2"]
[White "Harshcrocodile"]
[Black "CH246"]
[Result "1-0"]
[ICCResult "Black checkmated"]
[WhiteElo "928"]
[BlackElo "1288"]
[Opening "Sicilian defense"]
[ECO "B41"]
[NIC "SI.43"]
[Time "13:06:32"]
[PlyCount "85"]
[TimeControl "3600+10"]

1. e4 c5 2. Nf3 e6 3. d4 Nc6 4. Nc3 Qb6 5. Be3 Qxb2 6. Nb5 Kd8 7. a3 e5 8.
Rb1 Qa2 9. d5 Nd4 10. Bd3 Nxb5 11. Rxb5 c4 12. Be2 Bxa3 13. Nxe5 Nh6 14.
Bxh6 Ke8 15. Bxc4 Bb4+ 16. Rxb4 Qa5 17. Qd2 gxh6 18. d6 Qa1+ 19. Qd1 Qxe5
20. Qf3 Qa1+ 21. Ke2 Qg7 22. Rd1 a6 23. Rd5 b5 24. Bb3 a5 25. Rbxb5 Ba6 26.
Rf5 Bxb5+ 27. Rxb5 Rf8 28. Qf4 a4 29. Re5+ Kd8 30. Qh4+ f6 31. Re7 Qg6 32.
Qh3 f5 33. Ba2 Qg4+ 34. Qxg4 fxg4 35. Rxh7 Kc8 36. Rxh6 Rb8 37. Rh5 Rb2 38.
Rc5+ Kb8 39. Bd5 Rc8 40. Ra5 Rcxc2+ 41. Ke3 Re2+ 42. Kd4 Rxf2 43. Ra8# {
Black checkmated } 1-0

[Event "ICC tourney 2354 (60 10)"]
[Site "Internet Chess Club"]
[Date "2021.01.30"]
[Round "2"]
[White "SeannDSpeyer"]
[Black "RaiChess"]
[Result "1-0"]
[ICCResult "Black checkmated"]
[WhiteElo "1299"]
[BlackElo "984"]
[Opening "Queen's pawn game, Darooha variation "]
[ECO "D02"]
[NIC "QP.08"]
[Time "13:06:14"]
[PlyCount "115"]
[TimeControl "3600+10"]

1. d4 d5 2. Nf3 Nf6 3. g3 e6 4. Bg2 Bb4+ 5. c3 Bd6 6. Bg5 h6 7. Bxf6 Qxf6
8. O-O O-O 9. Nbd2 Nc6 10. e4 dxe4 11. Nxe4 Qe7 12. Re1 e5 13. dxe5 Bxe5
14. Nxe5 Nxe5 15. Qd4 Rd8 16. Qc5 Qe8 17. Qxc7 Be6 18. Qxe5 Rd5 19. Qf4 Rf5
20. Qe3 Rd8 21. Bh3 Re5 22. Bxe6 Qxe6 23. f4 Red5 24. Qf3 Rd3 25. Qe2 Qb6+
26. Qf2 Qb5 27. b3 Qh5 28. c4 Rd1 29. Nc3 R1d2 30. Re2 Rxe2 31. Qxe2 Qc5+
32. Qf2 Qb4 33. Nd5 Qd6 34. Re1 Qd7 35. Re7 Qf5 36. Re1 Qd7 37. Qe2 Kf8 38.
Qe7+ Qxe7 39. Rxe7 Rxd5 40. Rxb7 Rd1+ 41. Kg2 Rd2+ 42. Kh3 Rxa2 43. c5 Rc2
44. b4 Ra2 45. c6 Ke8 46. Rb8+ Ke7 47. c7 Rc2 48. c8=Q Rxc8 49. Rxc8 Kd7
50. Ra8 Ke6 51. Rxa7 Kf6 52. b5 g6 53. b6 Kg7 54. b7 h5 55. b8=Q Kh6 56.
Rxf7 g5 57. Qh8+ Kg6 58. Qg7# { Black checkmated } 1-0

[Event "ICC tourney 2354 (60 10)"]
[Site "Internet Chess Club"]
[Date "2021.01.30"]
[Round "2"]
[White "FireballCaden"]
[Black "JacobFeuerstein"]
[Result "1-0"]
[ICCResult "Black checkmated"]
[WhiteElo "1540"]
[BlackElo "1099"]
[Opening "English: Sicilian reversed"]
[ECO "A25"]
[NIC "EO.20"]
[Time "13:06:08"]
[PlyCount "65"]
[TimeControl "3600+10"]

1. c4 e5 2. Nc3 Nc6 3. g3 Nf6 4. Bg2 d6 5. e4 Be7 6. Nge2 Bd7 7. d3 O-O 8.
O-O Nd4 9. f4 Nxe2+ 10. Nxe2 exf4 11. gxf4 c6 12. Ng3 Qb6+ 13. Kh1 a5 14.
Rb1 Qd8 15. Be3 c5 16. e5 dxe5 17. fxe5 Ng4 18. Bd2 Nxe5 19. Bxb7 Rb8 20.
Be4 Bg4 21. Qc2 Rb6 22. Bxa5 Rxb2 23. Qxb2 Qxa5 24. Qxe5 Qa7 25. h3 Bf6 26.
Rxf6 gxf6 27. Qxf6 Qc7 28. Qh6 f5 29. Rb7 Qxb7 30. Bxb7 Rf7 31. Bd5 f4 32.
Nh5 f3 33. Qg7# { Black checkmated } 1-0

[Event "ICC tourney 2354 (60 10)"]
[Site "Internet Chess Club"]
[Date "2021.01.30"]
[Round "2"]
[White "SAHY-Gabe"]
[Black "ickyquarter"]
[Result "0-1"]
[ICCResult "White checkmated"]
[WhiteElo "1423"]
[BlackElo "2077"]
[Opening "English opening"]
[ECO "A13"]
[NIC "EO.64"]
[Time "13:06:11"]
[PlyCount "56"]
[TimeControl "3600+10"]

1. c4 e6 2. Nc3 d5 3. cxd5 exd5 4. e3 Nf6 5. Nge2 c6 6. g3 Bd6 7. Bg2 O-O
8. O-O Bf5 9. d4 Nbd7 10. Nf4 Nb6 11. Re1 Re8 12. b3 Qd7 13. Nh5 Nxh5 14.
Qxh5 Bg4 15. Qg5 h6 16. Qh4 Be7 17. Qxe7 Qxe7 18. e4 dxe4 19. Nxe4 Qd7 20.
Nc5 Rxe1+ 21. Bf1 Qxd4 22. Bb2 Rxf1+ 23. Rxf1 Qxb2 24. Ne4 Bf3 25. Nc5 Qd4
26. Nxb7 Qg4 27. h4 Qh3 28. Re1 Qg2# { White checkmated } 0-1

[Event "ICC tourney 2354 (60 10)"]
[Site "Internet Chess Club"]
[Date "2021.01.30"]
[Round "2"]
[White "predatorx"]
[Black "forcemajor"]
[Result "1-0"]
[ICCResult "Black resigns"]
[WhiteElo "1815"]
[BlackElo "1423"]
[Opening "Grünfeld: Stockholm variation"]
[ECO "D80"]
[NIC "GI.03"]
[Time "13:06:34"]
[PlyCount "59"]
[TimeControl "3600+10"]

1. d4 Nf6 2. c4 g6 3. Nc3 d5 4. Bg5 c6 5. e3 Bg7 6. Nf3 Bg4 7. cxd5 Nxd5 8.
Nxd5 cxd5 9. h3 Bf5 10. Bb5+ Nc6 11. O-O O-O 12. Rc1 Rc8 13. Qa4 Qd6 14.
Bf4 e5 15. Bg3 Qe6 16. Bxc6 e4 17. Ng5 Qe7 18. Bxd5 Qxg5 19. Bxb7 Rxc1 20.
Rxc1 Qe7 21. Rc7 Qe6 22. Qxa7 h5 23. d5 Qf6 24. Rc2 Rd8 25. Qc5 Bf8 26. Qd4
Qxd4 27. exd4 Bg7 28. Be5 e3 29. Re2 exf2+ 30. Kxf2 { Black resigns } 1-0

[Event "ICC tourney 2354 (60 10)"]
[Site "Internet Chess Club"]
[Date "2021.01.30"]
[Round "2"]
[White "brarsaab1"]
[Black "TommyBrady1"]
[Result "1-0"]
[ICCResult "Black checkmated"]
[WhiteElo "1250"]
[BlackElo "869"]
[Opening "Sicilian defense"]
[ECO "B34"]
[NIC "SI.33"]
[Time "13:06:16"]
[PlyCount "85"]
[TimeControl "3600+10"]

1. e4 c5 2. Nf3 Nc6 3. d4 cxd4 4. Nxd4 g6 5. Be3 Bg7 6. Nc3 d6 7. Bb5 Bd7
8. O-O a6 9. Bxc6 bxc6 10. Qd2 c5 11. Nde2 Nf6 12. Rfd1 Bg4 13. f3 Bc8 14.
e5 Nd7 15. exd6 exd6 16. Qxd6 Be5 17. Qd3 Qc7 18. Nd5 Qd6 19. Ndc3 Bxh2+
20. Kf1 Qxd3 21. Rxd3 O-O 22. g3 Ne5 23. Bxc5 Nxd3 24. Bxf8 Nxb2 25. Bb4
Nc4 26. Kg2 Ne3+ 27. Kxh2 Nxc2 28. Rb1 Rb8 29. a3 Nxb4 30. axb4 Bf5 31. Rb3
a5 32. b5 Bd3 33. Nf4 Bc4 34. Rb2 a4 35. Nxa4 Rxb5 36. Rc2 Bb3 37. Rc8+ Kg7
38. Nc5 Bd1 39. Rc7 Bxf3 40. Nce6+ Kh6 41. Nd4 Rb2+ 42. Kh3 g5 43. Nf5# {
Black checkmated } 1-0

[Event "ICC tourney 2354 (60 10)"]
[Site "Internet Chess Club"]
[Date "2021.01.30"]
[Round "2"]
[White "Evan2win"]
[Black "DanielBolk"]
[Result "0-1"]
[ICCResult "White resigns"]
[WhiteElo "893"]
[BlackElo "1279"]
[Opening "Caro-Kann: exchange variation"]
[ECO "B13"]
[NIC "CK.02"]
[Time "13:06:17"]
[PlyCount "58"]
[TimeControl "3600+10"]

1. e4 c6 2. d4 d5 3. exd5 cxd5 4. Nc3 Nf6 5. Bg5 h6 6. Bh4 Bf5 7. Nf3 e6 8.
Bb5+ Nc6 9. Ne5 Rc8 10. O-O Be7 11. Re1 O-O 12. Qf3 Nxd4 13. Qd1 Nxc2 14.
Re2 Nxa1 15. Qxa1 a6 16. Ba4 b5 17. Bb3 d4 18. Nd1 Nd7 19. Bxe7 Qxe7 20.
Nxd7 Qxd7 21. Re5 Qd6 22. Re2 Rc7 23. h3 Rfc8 24. a3 a5 25. a4 b4 26. Qa2
Rc1 27. g3 Bb1 28. Qa1 Bd3 29. Re1 Rxa1 { White resigns } 0-1

[Event "ICC tourney 2354 (60 10)"]
[Site "Internet Chess Club"]
[Date "2021.01.30"]
[Round "2"]
[White "georgebg"]
[Black "IronFocus"]
[Result "0-1"]
[ICCResult "White checkmated"]
[WhiteElo "1004"]
[BlackElo "1548"]
[Opening "Sicilian"]
[ECO "B56"]
[NIC "SI.25"]
[Time "13:06:31"]
[PlyCount "160"]
[TimeControl "3600+10"]

1. e4 c5 2. Nc3 Nc6 3. Nf3 d6 4. d4 cxd4 5. Nxd4 Nf6 6. Bb5 Bd7 7. Nxc6
bxc6 8. Bc4 e6 9. O-O d5 10. exd5 cxd5 11. Bb5 Be7 12. Bxd7+ Qxd7 13. Bf4
O-O 14. Qf3 Rac8 15. Rfc1 Bb4 16. Be5 Ne8 17. Qg3 Bd6 18. Re1 Bxe5 19. Rxe5
h6 20. Rh5 Kh7 21. Re1 Nf6 22. Rh3 Ne4 23. Nxe4 dxe4 24. c3 Qd2 25. Kf1
Qxb2 26. Rxe4 Qb1+ 27. Re1 Qxa2 28. Qd3+ Kg8 29. Kg1 Qc4 30. Qg3 Qc7 31.
Qg4 Qc4 32. Re4 Qa2 33. Qe2 Qb1+ 34. Qe1 Qxe1+ 35. Rxe1 Rc4 36. Ra1 Rd8 37.
f3 Rxc3 38. Rxa7 Rd1+ 39. Kf2 Rc2+ 40. Kg3 Rdd2 41. Ra8+ Kh7 42. Rf8 Rxg2+
43. Kf4 f6 44. Rg3 Rxg3 45. hxg3 Rg2 46. Re8 e5+ 47. Kg4 h5+ 48. Kxh5 Rxg3
49. Rd8 Rxf3 50. Kg4 Rf4+ 51. Kg3 Kg6 52. Rd1 Rf5 53. Re1 Rg5+ 54. Kf3 Kf5
55. Rf1 Rg4 56. Ke3+ Rf4 57. Rg1 g5 58. Rh1 Re4+ 59. Kd3 Rd4+ 60. Ke3 Ra4
61. Rf1+ Ke6 62. Kd3 Ra3+ 63. Kc4 g4 64. Rf2 g3 65. Rg2 f5 66. Kb4 Re3 67.
Kc4 f4 68. Ra2 Kf5 69. Ra8 Kg4 70. Rg8+ Kf3 71. Kd5 g2 72. Ke6 Re1 73. Rxg2
Kxg2 74. Kf5 f3 75. Kg4 f2 76. Kh4 f1=Q 77. Kh5 Qf5+ 78. Kh6 Rh1+ 79. Kg7
Rh7+ 80. Kg8 Qf7# { White checkmated } 0-1

[Event "ICC tourney 2354 (60 10)"]
[Site "Internet Chess Club"]
[Date "2021.01.30"]
[Round "2"]
[White "ABGame"]
[Black "JediJames"]
[Result "0-1"]
[ICCResult "White resigns"]
[WhiteElo "1285"]
[BlackElo "885"]
[Opening "Robatsch (modern) defense"]
[ECO "B06"]
[NIC "KF.05"]
[Time "13:06:54"]
[PlyCount "52"]
[TimeControl "3600+10"]

1. e4 g6 2. d4 Bg7 3. Nc3 d6 4. Be3 c6 5. Qd2 b5 6. a3 Bb7 7. f3 Nd7 8.
Nge2 Nb6 9. O-O-O Nf6 10. Qe1 Nfd7 11. g4 Nc4 12. Bf2 Bh6+ 13. Kb1 Ne3 14.
Rd3 Nxf1 15. Qxf1 Bg7 16. h4 Qc7 17. Be3 O-O-O 18. a4 a6 19. h5 gxh5 20.
Rxh5 Nb6 21. axb5 axb5 22. Rg5 Bh6 23. Nxb5 cxb5 24. Rc3 Nc4 25. Rxb5 Bxe3
26. b3 Nd2+ { White resigns } 0-1